Description

Useful build for team games. Your ally needs to protect you vs. early aggression while you power up to have air control. Move out once you have 2-4 phoenix or wait a bit longer for a combined timing attack.

Note: This only has a very small advantage over a small time window over the more economic 2 base version. I recommend to use the 2 base version, as it is more flexible.

Build Order

Get SALT Encoding   

  12  0:01  Probe (Chrono Boost)  
  13  0:12  Probe (Chrono Boost)  
  14  0:17  Pylon  
  14  0:22  Probe (Chrono Boost)  
  15  0:30  Assimilator  
  15  0:36  Probe (Chrono Boost)  
  16  0:44  Gateway  
  16  0:46  Probe (Chrono Boost)  
  17  0:56  Assimilator  
  17  0:58  Probe (Chrono Boost)  
  18  1:08  Probe (Chrono Boost)  
  19  1:19  Probe (Chrono Boost)  
  20  1:29  Probe (Chrono Boost)  
  20  1:31  Cybernetics Core  
  21  1:54  Nexus  
  21  1:56  Probe (Chrono Boost)  
  22  2:11  Stargate x2  
  23  2:27  Pylon  
  23  2:42  Assimilator  
  24  2:55  Phoenix  
  27  3:06  Phoenix  
  30  3:18  Assimilator  
  31  3:23  Phoenix  
  35  3:32  Phoenix  
  39  3:49  Phoenix  
  42  4:00  Pylon  
  43  4:04  Phoenix  
  45  4:16  Phoenix  
  48  4:26  Pylon  
  48  4:30  Phoenix (Chrono Boost)  
  51  4:38  Phoenix (Chrono Boost)  continuous phoenix and pylon production from here on...
Spawning Tool Build Advisor. Get it on Overwolf

Analysis

Dies to early all-ins which your ally alone cannot hold. It wins you the air fight once you survive the early game.

Go to:

Details

  • Created by: MadDoc
  • Published on: Apr 06, 2017
  • Modified on: Apr 15, 2017
  • Patch: 3.8.0
Show
View Real Time Build Order
Export as new Build Order

Comments (0)

There are no comments. Be the first!

Create an account to comment!